 Dungeon Crawl Stone Soup version 0.24-a0-228-g05560da (webtiles) character file.

Game seed: 15691901034390456913

11 gruber the Slasher (level 2, -4/16 HPs)
             Began as a Vine Stalker Berserker on Apr 1, 2019.
             Was a Follower of Trog.
             Slain by a hobgoblin
             ... wielding a +0 club
              (5 damage)
             ... on level 1 of the Dungeon.
             The game lasted 00:00:33 (126 turns).

gruber the Slasher (Vine Stalker Berserker)          Turns: 126, Time: 00:00:33

Health: -4/16      AC:  2    Str: 19    XL:     2   Next: 29%
Magic:  0/3        EV: 12    Int:  7    God:    Trog [*.....]
Gold:   0          SH:  0    Dex: 13    Spells: 1/1 levels left

rFire    . . .     SeeInvis .   a - +0 falchion
rCold    . . .     Gourm    .   (no shield)
rNeg     . . .     Faith    .   b - +0 animal skin
rPois    .         Spirit   +   (no helmet)
rElec    .         Reflect  .   (no cloak)
rCorr    .         Harm     .   (no gloves)
MR       .....     Rnd*Tele +   (no boots)
Stlth    +.........             (no amulet)
HPRegen  0.05/turn              d - ring of teleportation (curse)
MPRegen  0.08/turn              (no ring)

@: berserk cooldown, slowed, very slow
A: fangs 2, magic shield, antimagic bite, no potion heal 3, rot immunity
a: Berserk, Renounce Religion


You were on level 1 of the Dungeon.
You worshipped Trog.
Trog was aware of your devotion.
You were not hungry.

You visited 1 branch of the dungeon, and saw 1 of its levels.

Inventory:

Hand Weapons
 a - a +0 falchion (weapon)
Armour
 b - a +0 animal skin (worn)
Jewellery
 d - a cursed ring of teleportation (left hand)
Comestibles
 c - a ration


   Skills:
 - Level 2.6 Fighting
 + Level 3.3 Long Blades
 - Level 1.5 Armour
 - Level 1.5 Dodging


You had one spell level left.
You didn't know any spells.
Your spell library was empty.

Dungeon Overview and Level Annotations

Branches:
Dungeon (1/15)

Altars:


Innate Abilities, Weirdness & Mutations

You have extremely sharp teeth.
When hurt, damage is shared between your health and your magic reserves.
Your bite disrupts and absorbs the magic of your enemies.
Potions cannot restore your health.
You are immune to rotting.


Message History

You feel yourself moving faster!
You feel mighty!
You feel a lot more hungry.
You feel a strong urge to attack something.
Found a scroll labeled YWAPTA JIBBIC.
A goblin comes into view.
The goblin shouts!
You slash the dart slug! You bite the dart slug.
You kill the dart slug!
Trog accepts your kill.
A dart slug comes into view.
A hobgoblin comes into view. It is wielding a +0 club.
A dart slug comes into view.
You feel a strong urge to attack something.
You are no longer berserk.
You are exhausted.
You feel yourself slow down. The goblin hits you.
* * * LOW HITPOINT WARNING * * *
You closely miss the goblin. The goblin hits you. The goblin barely misses you.
You miss the goblin. Your bite misses the goblin.
The hobgoblin hits you with a +0 club.
You die...

.. ..........# ..
..........# ..
..........# .>
..........#.# ..
......?...#.# ..
..........#.# ..
......ggw...# ..
....w..@...#### ..
..............# ..
#.............# ..
##............# >.
#......#†.#### ##
#......##.)## #
##########..#######
.. ##........ #.
###......


You could see 2 dart slugs, a hobgoblin and a goblin.

Vanquished Creatures
  A dart slug (D:1)
  A leopard gecko (D:1)
  A goblin (D:1)
  2 hobgoblins (D:1)
  2 kobolds (D:1)
  A rat (D:1)
8 creatures vanquished.

Notes
Turn   | Place    | Note
-------+----------+-------------------------------------------
     0 | D:1      | gruber the Vine Stalker Berserker began the quest for the
                  | Orb.
     0 | D:1      | Reached XP level 1. HP: 11/11 MP: 2/2
    44 | D:1      | Reached skill level 3 in Long Blades
   113 | D:1      | Reached XP level 2. HP: 3/16 MP: 1/3
   126 | D:1      | Slain by a hobgoblin

Levels and vault maps discovered:
D:1:      erik_arrival_triangle_small, layout_rooms,
          chequers_serial_rivers_micro_c

Skill      XL: |  1 |
---------------+----+-----
Long Blades    | 3 |  3.3
Fighting       | |  2.6
Armour         | |  1.5
Dodging        | |  1.5

Action                   || total
-------------------------++-------
Melee: Falchion          ||    20
       Bite              ||     6
Invok: Berserk           ||     1
Armor: Animal skin       ||     2
Dodge: Dodged            ||     7
       Rpst.: Falchion   ||     2

Table legend:
 A = Non-vault XP
 B = Vault XP
 C = Vault XP percentage of total XP
 D = Non-vault monster count
 E = Vault monster count
 F = Vault count percentage of total count
                 A         B        C        D         E       F
            +---------+---------+-------+---------+---------+-------
      Total |      17 |       0 |   0.0 |       8 |       0 |   0.0
            +---------+---------+-------+---------+---------+-------
        D:1 |      17 |       0 |   0.0 |       8 |       0 |   0.0
            +---------+---------+-------+---------+---------+-------
